 Dungeon Crawl Stone Soup version 0.17.1-3-g152610e (webtiles) character file.

1152 williamiamiam the Chopper (level 8, -2/74 HPs)
             Began as a Deep Dwarf Berserker on Mar 29, 2016.
             Was a Believer of Trog.
             Slain by a troll (5 damage)
             ... on level 4 of the Dungeon.
             The game lasted 01:11:11 (3629 turns).

williamiamiam the Chopper (Deep Dwarf Berserker)    Turns: 3629, Time: 01:11:12

Health: -2/74      AC:  7    Str: 24    XL:     8   Next: 16%
Magic:  9/9        EV: 13    Int:  7    God:    Trog [**....]
Gold:   162        SH:  0    Dex: 15    Spells: 0 memorised, 7 levels left

rFire  . . .     SeeInvis .     a - +1 hand axe
rCold  . . .     Clarity  .     h - +0 ring mail
rNeg   + + .     SustAt   .     (no shield)
rPois  .         Gourm    .     (no helmet)
rElec  .         Spirit   .     (no cloak)
rCorr  .         Warding  .     d - +0 pair of gloves {Dex+3}
rMut   .         Stasis   .     (no boots)
MR     +++..                    (no amulet)
Stlth  +.........               t - ring of positive energy
                                f - ring of positive energy

@: non-regenerating, extremely resistant to hostile enchantments, very
unstealthy
A: damage resistance, recharge devices, sense surroundings 1, slow regeneration
3
a: Device Recharging, Berserk, Trog's Hand, Burn Spellbooks, Renounce Religion


You were on level 4 of the Dungeon.
You worshipped Trog.
Trog was pleased with you.
You were not hungry.

You visited 1 branch of the dungeon, and saw 5 of its levels.

You collected 162 gold pieces.

Inventory:

Hand Weapons
 a - a +1 hand axe (weapon)
 n - a +1 dagger of protection
 r - a +2 whip of freezing
 C - a +1 scimitar of flaming
Missiles
 g - 7 poisoned needles
 o - 4 tomahawks of dispersal
 v - 9 tomahawks of returning (quivered)
Armour
 b - a +0 animal skin
 d - a +0 pair of gloves of dexterity (worn)
 h - a +0 ring mail (worn)
 D - a +0 robe of the Archmagi
 G - a +0 scale mail
Magical Staves
 w - a cursed staff of poison {unknown}
Jewellery
 f - a ring of positive energy (left hand)
 l - an uncursed ring of magical power
 s - a +4 ring of evasion {unknown}
 t - a ring of positive energy (right hand)
Wands
 c - a wand of heal wounds (0)
 j - a wand of disintegration (2)
 E - a wand of flame (4)
Scrolls
 i - 5 scrolls of identify
 m - a scroll of remove curse
 u - a scroll of teleportation
 y - a scroll of immolation
 z - a scroll of recharging
 A - a scroll of blinking {unknown}
 B - a scroll of noise {unknown}
Potions
 e - a potion of might
 k - a potion of curing
 x - a potion of poison {unknown}
Comestibles
 p - 2 meat rations
 q - 2 slices of pizza
 F - a bread ration


   Skills:
 + Level 5.0 Fighting
 + Level 5.3 Axes
 + Level 4.0 Throwing
 + Level 4.8 Armour
 + Level 4.8 Dodging
 + Level 1.5 Stealth
 + Level 1.3 Evocations


You had 7 spell levels left.
You didn't know any spells.

Dungeon Overview and Level Annotations

Branches:
Dungeon (5/15)
 Temple: D:4-7

Altars:

Annotations:
D:5 nublet's ghost, novice MiTm


Innate Abilities, Weirdness & Mutations

You are resistant to damage.
You can recharge devices by infusing magical energy.
You passively map a small area around you.
You do not regenerate naturally.


Message History

The troll bites you!
* * * LOW HITPOINT WARNING * * *
The troll misses you. The troll claws you.
* * * LOW HITPOINT WARNING * * *
The troll barely misses you. x2
The troll claws you.
* * * LOW HITPOINT WARNING * * *
There is a stone staircase leading up here.
You can't go down here!
The troll bites you.
* * * LOW HITPOINT WARNING * * *
The troll claws you.
* * * LOW HITPOINT WARNING * * *
The troll closely misses you.
You climb upwards.
There is a stone staircase leading down here.
Your skin crawls.
You feel resistant to hostile enchantments.
You feel slightly more hungry. The troll bites you!
You die...

#...##.#....[.....
#..<##.#...(.#)...
#...##.#.....#....
#...##.#######....
###.##.# #####
##.#..# ##>...##
#T....# #@....#
#.....# #.....#
#.....# #.....#
##...## ##.## ###


You could see a troll.

Vanquished Creatures
  Pikel (D:3)
  Grinder (D:4)
  3 slaves
  A phantom (D:3)
  Blork the orc (D:4)
  A scorpion (D:4)
  A hound (D:4)
  An orc wizard (D:4)
  A worker ant (D:4)
  An iguana (D:4)
  Natasha (twice) (D:4)
  4 gnolls (D:3)
  4 adders
  An ooze (D:2)
  2 worms
  4 giant geckos
  6 orcs
  4 bats (D:1)
  3 giant cockroaches
  7 goblins
  10 hobgoblins
  10 jackals
  5 kobolds
  A ball python skeleton (D:4)
  5 giant newts
  2 rats (D:1)
82 creatures vanquished.

Notes
Turn   | Place    | Note
--------------------------------------------------------------
     0 | D:1      | williamiamiam the Deep Dwarf Berserker began the quest for the Orb.
     0 | D:1      | Reached XP level 1. HP: 20/20 MP: 1/1
   145 | D:1      | Reached XP level 2. HP: 22/27 MP: 2/2
   508 | D:1      | Reached ** piety under Trog
   872 | D:1      | Reached XP level 3. HP: 19/34 MP: 3/3
  1593 | D:3      | Reached skill level 4 in Axes
  1629 | D:3      | Reached XP level 4. HP: 32/42 MP: 4/4
  1745 | D:3      | Noticed a phantom
  1777 | D:3      | Killed a phantom
  1777 | D:3      | Reached skill level 1 in Throwing
  1777 | D:3      | Reached XP level 5. HP: 45/49 MP: 5/5
  2202 | D:4      | Noticed Pikel
  2202 | D:4      | Noticed a slave
  2202 | D:4      | Noticed a slave
  2202 | D:4      | Noticed a slave
  2204 | D:4      | Noticed a slave
  2218 | D:4      | Killed a slave
  2219 | D:4      | Killed a slave
  2237 | D:3      | Killed a slave
  2239 | D:3      | Killed Pikel
  2239 | D:3      | Reached skill level 1 in Stealth
  2239 | D:3      | Reached skill level 1 in Evocations
  2239 | D:3      | Reached XP level 6. HP: 31/58 MP: 6/6
  2239 | D:3      | Reached XP level 7. HP: 35/66 MP: 7/7
  2571 | D:4      | Noticed Grinder
  2610 | D:4      | Noticed Blork the orc
  2625 | D:4      | Killed Blork the orc
  2759 | D:4      | Noticed Natasha
  2761 | D:4      | Killed Grinder
  2761 | D:4      | Reached skill level 5 in Fighting
  2761 | D:4      | Reached skill level 5 in Axes
  2761 | D:4      | Reached XP level 8. HP: 18/74 MP: 9/9
  2775 | D:4      | Killed Natasha
  3064 | D:4      | Noticed Natasha
  3065 | D:4      | Killed Natasha
  3489 | D:5      | Entered Level 5 of the Dungeon
  3495 | D:5      | Noticed nublet's ghost (novice MiTm)
  3519 | D:5      | HP: 3/74 [nublet's ghost (11)]
  3618 | D:5      | Noticed a troll
  3625 | D:5      | HP: 2/74 [troll (2)]
  3629 | D:4      | Slain by a troll

Action                   |  1- 3 |  4- 6 |  7- 9 || total
-------------------------+-------+-------+-------++-------
Melee: Hand axe          |   142 |    70 |   104 ||   316
Throw: Tomahawk          |    16 |    33 |    43 ||    92
Invok: Trog's Hand       |     2 |     2 |    10 ||    14
       Berserk           |       |     1 |       ||     1
Evoke: Wand              |       |     4 |     3 ||     7
  Use: Scroll            |     4 |     2 |     2 ||     8
       Potion            |       |     5 |       ||     5
  Eat: Bread ration      |     1 |       |     1 ||     2
       Meat ration       |       |       |     1 ||     1
